 Dungeon Crawl Stone Soup version 0.22.0-38-g04b72b8 (webtiles) character file.

1869 dvd the Basher (level 8, 0/71 HPs)
             Began as a Minotaur Monk on Aug 28, 2018.
             Killed by divine providence
             ... invoked by an orc priest
              (12 damage)
             ... on level 6 of the Dungeon.
             The game lasted 00:11:06 (6064 turns).

dvd the Basher (Minotaur Monk)                      Turns: 6064, Time: 00:11:07

Health: 0/71       AC: 12    Str: 17    XL:     8   Next: 90%
Magic:  7/7        EV: 12    Int: 12    God:
Gold:   406        SH: 13    Dex: 19    Spells: 7/7 levels left

rFire    . . .     SeeInvis .   L - +0 war axe (flame)
rCold    . . .     Gourm    .   G - +0 shield
rNeg     . . .     Faith    .   n - +0 chain mail
rPois    .         Spirit   .   (helmet restricted)
rElec    .         Reflect  +   u - +0 cloak
rCorr    .         Harm     .   (no gloves)
MR       .....                  h - +0 pair of boots
Stlth    ..........             E - +4 amulet of reflection
HPRegen  0.21/turn              m - +5 ring of intelligence
MPRegen  0.10/turn              A - ring of flight

@: agile
A: retaliatory headbutt, horns 2
a: Evoke Flight


You were on level 6 of the Dungeon.
You were not hungry.

You visited 1 branch of the dungeon, and saw 6 of its levels.

You collected 406 gold pieces.

Inventory:

Hand Weapons
 K - a +2 flail of protection
 L - a +0 war axe of flaming (weapon)
Missiles
 D - 6 tomahawks (quivered)
Armour
 b - a +0 robe
 h - a +0 pair of boots (worn)
 n - a +0 chain mail (worn)
 s - a +0 scale mail
 u - a +0 cloak (worn)
 G - a +0 shield (worn)
Jewellery
 m - a +5 ring of intelligence (left hand)
 A - a ring of flight (right hand)
 E - a +4 amulet of reflection (around neck)
Scrolls
 e - 4 scrolls of remove curse
 g - 9 scrolls of identify {unknown}
 k - 2 scrolls of amnesia {unknown}
 o - 2 scrolls of random uselessness {unknown}
 r - a scroll of enchant weapon {unknown}
 t - a scroll of immolation {unknown}
 v - a scroll of noise {unknown}
 x - a scroll of magic mapping {unknown}
 y - a scroll of fear {unknown}
 C - 2 scrolls of teleportation {unknown}
 H - a scroll of blinking {unknown}
 J - a scroll of fog {unknown}
Potions
 d - a potion of heal wounds
 f - a potion of cancellation
 i - a potion of curing
 j - a potion of resistance {unknown}
 p - a potion of degeneration {unknown}
 q - a potion of mutation {unknown}
 w - a potion of lignification {unknown}
 z - a potion of haste {unknown}
 B - a potion of agility
 F - 2 potions of brilliance {unknown}
Comestibles
 c - 12 rations


   Skills:
 + Level 6.9 Fighting
 + Level 9.7 Maces & Flails
 + Level 0.9 Throwing
 + Level 5.6 Armour
 + Level 4.9 Dodging
 + Level 2.8 Stealth
 + Level 3.3 Shields


You had 7 spell levels left.
You didn't know any spells.
Your spell library was empty.

Dungeon Overview and Level Annotations

Branches:
Dungeon (6/15)
 Temple: D:4-7

Altars:
Fedhas
Qazlal
Xom
Zin

Shops:
D:4 %   D:5 :}   D:6 =


Innate Abilities, Weirdness & Mutations

You reflexively headbutt those who attack you in melee.
You have a pair of horns on your head.


Message History

You hit the orc warrior but do no damage.
You hit the iguana. You burn the iguana.
The orc warrior hits you with a dire flail.
You block the iguana's attack. You block the orc priest's attack.
The orc hits you but does no damage. You block the orc warrior's attack.
You hit the orc priest but do no damage.
The orc priest is severely wounded.
You slash the iguana! You burn the iguana.
You kill the iguana!
You hit the orc warrior but do no damage.
The orc priest invokes the aid of Beogh against you.
Beogh smites you!
* * * LOW HITPOINT WARNING * * *
You block the orc's attack. You block the orc warrior's attack.
You closely miss the orc priest.
The orc priest is severely wounded.
You hit the orc warrior but do no damage.
The orc priest invokes the aid of Beogh against you.
Beogh smites you!
You die...

#............#
#............#
###............#
.....########### .....#
.....# .....# ...
.....######+########....
#'#.............@)o.....
..#............oo†..((((
..#.................####
..#.................+
###.................#
.....################
.....#........
.....#........
.....'........


You could see an orc warrior, an orc priest and an orc.

Vanquished Creatures
  Sigmund (D:5)
  Edmund (D:5)
  A phantom (D:5)
  4 ogres
  3 centaurs
  A crimson imp (D:5)
  5 hounds
  An orc priest (D:6)
  A centaur skeleton (D:5)
  A gnoll shaman (D:5)
  A bullfrog skeleton (D:5)
  2 orc wizards
  Natasha (thrice) (D:2)
  3 iguanas
  4 worker ants
  7 gnolls
  9 adders
  An ooze (D:2)
  2 adder skeletons (D:4)
  An adder zombie (D:3)
  3 worms
  3 dart slugs (D:1)
  2 leopard geckos
  12 orcs
  2 ball pythons
  4 giant cockroaches
  9 goblins
  4 hobgoblins
  2 jackals (D:1)
  A quokka (D:6)
  A ball python skeleton (D:5)
  4 bats
  2 frilled lizards
  A jackal skeleton (D:4)
  A jackal zombie (D:5)
  2 kobolds (D:2)
  A leopard gecko skeleton (D:3)
  8 rats
114 creatures vanquished.

Vanquished Creatures (others)
  A centaur (D:6)
1 creature vanquished.

Grand Total: 115 creatures vanquished

Notes
Turn   | Place    | Note
-------+----------+-------------------------------------------
     0 | D:1      | dvd the Minotaur Monk began the quest for the Orb.
     0 | D:1      | Reached XP level 1. HP: 19/19 MP: 0/0
   317 | D:1      | Reached XP level 2. HP: 17/27 MP: 1/1
   525 | D:1      | Reached skill level 4 in Maces & Flails
   827 | D:1      | Reached XP level 3. HP: 33/33 MP: 2/2
  1318 | D:2      | Noticed an ogre
  1326 | D:2      | Killed an ogre
  1326 | D:2      | Reached skill level 5 in Maces & Flails
  1326 | D:2      | Reached XP level 4. HP: 21/41 MP: 3/3
  1326 | D:2      | Reached XP level 5. HP: 24/47 MP: 4/4
  1551 | D:2      | Noticed Natasha
  1564 | D:2      | Killed Natasha
  2019 | D:2      | Noticed Natasha
  2032 | D:2      | Killed Natasha
  2295 | D:2      | Found a blossoming altar of Fedhas.
  2320 | D:2      | Noticed Natasha
  2330 | D:2      | Killed Natasha
  2330 | D:2      | Reached skill level 1 in Armour
  2415 | D:3      | Reached skill level 6 in Maces & Flails
  2415 | D:3      | Reached XP level 6. HP: 25/55 MP: 5/5
  2496 | D:3      | Found a stormy altar of Qazlal.
  2532 | D:3      | Reached skill level 5 in Fighting
  2615 | D:3      | Found a glowing silver altar of Zin.
  2618 | D:3      | Noticed an angel
  2622 | D:3      | Found a shimmering altar of Xom.
  3405 | D:4      | Reached XP level 7. HP: 60/61 MP: 6/6
  3484 | D:4      | Found Cirrel's Food Shop.
  3809 | D:4      | Reached skill level 7 in Maces & Flails
  4102 | D:5      | Entered Level 5 of the Dungeon
  4594 | D:5      | Reached skill level 8 in Maces & Flails
  4768 | D:5      | Reached skill level 1 in Shields
  4768 | D:5      | Reached XP level 8. HP: 57/70 MP: 7/7
  5154 | D:5      | Found Mutac's Gadget Emporium.
  5185 | D:5      | Found Pestyimo's Book Shoppe.
  5367 | D:5      | Reached skill level 5 in Armour
  5452 | D:5      | Noticed Edmund
  5478 | D:5      | Killed Edmund
  5478 | D:5      | Reached skill level 9 in Maces & Flails
  5548 | D:5      | Noticed Sigmund
  5557 | D:5      | Killed Sigmund
  5947 | D:6      | Found Ecsu's Jewellery Boutique.
  6064 | D:6      | Killed from afar by an orc priest

Skill      XL: |  1  2  3  4  5  6  7  8 |
---------------+-------------------------+-----
Fighting       | 4 5 6 |  6.9
Maces & Flails | 4 5 6 8 9 |  9.7
Stealth        | 2 |  2.8
Dodging        | 4 |  4.9
Armour         | 1 2 4 5 |  5.6
Shields        | 1 3 |  3.3
Throwing       | |  0.9

Action                   |  1- 3 |  4- 6 |  7- 9 || total
-------------------------+-------+-------+-------++-------
Melee: Mace              |    59 |    63 |       ||   122
       Headbutt          |    12 |    26 |    37 ||    75
       Flail             |       |    36 |   176 ||   212
       War axe           |       |       |     9 ||     9
Throw: Tomahawk          |       |       |     7 ||     7
  Use: Potion            |       |       |     5 ||     5
       Scroll            |       |       |     2 ||     2
 Stab: Sleeping          |     5 |       |       ||     5
  Eat: Chunk             |     1 |     6 |     9 ||    16
Armor: Robe              |     5 |       |       ||     5
       Chain mail        |     3 |    24 |    27 ||    54
       Scale mail        |       |    21 |    45 ||    66
Dodge: Dodged            |    42 |    72 |    75 ||   189
Block: Shield            |       |       |    79 ||    79
       Other             |       |       |     7 ||     7
       Reflection        |       |       |     6 ||     6
